 Dungeon Crawl Stone Soup version 0.20.1-1-g8b1a95d (webtiles) character file.

43 Jazqa the Skirmisher (level 3, -1/31 HPs)
             Began as a Barachi Fighter on Oct 30, 2017.
             Slain by Natasha (8 damage)
             ... on level 2 of the Dungeon.
             The game lasted 00:01:28 (1124 turns).

Jazqa the Skirmisher (Barachi Fighter)              Turns: 1124, Time: 00:01:28

Health: -1/31      AC:  8    Str: 17    XL:     3   Next: 58%
Magic:  3/3        EV:  7    Int:  8    God:
Gold:   76         SH:  9    Dex: 12    Spells: 2/2 levels left

rFire    . . .     SeeInvis .   a - +0 long sword
rCold    . . .     Gourm    .   c - +0 shield
rNeg     . . .     Faith    .   b - +0 scale mail
rPois    .         Spirit   .   e - +0 helmet
rElec    .         Reflect  .   (no cloak)
rCorr    .         Harm     .   (no gloves)
MR       .....                  (no boots)
Stlth    ..........             (no amulet)
Regen    0.1/turn               (no ring)
MPRegen  0.1/turn               (no ring)

@: slow
A: +LOS, swims, slowness 1, strong legs 1
a: Hop


You were on level 2 of the Dungeon.
You were not hungry.

You visited 1 branch of the dungeon, and saw 2 of its levels.

You collected 76 gold pieces.


Innate Abilities, Weirdness & Mutations

Shadows flee at your approach. (+LOS)
You can swim through water.
You cover ground slowly.
You can hop short distances.


   Skills:
 + Level 4.5 Fighting
 + Level 3.7 Long Blades
 - Level 3.6 Armour
 - Level 3.2 Shields


You had 2 spell levels left.
You didn't know any spells.

Inventory:

Hand Weapons
 a - a +0 long sword (weapon)
Armour
 b - a +0 scale mail (worn)
 c - a +0 shield (worn)
 e - a +0 helmet (worn)
Jewellery
 j - a +2 ring of evasion {unknown}
Scrolls
 g - a scroll of fear {unknown}
 i - 4 scrolls of identify {unknown}
Potions
 d - a potion of might
 k - 2 potions of lignification {unknown}
 l - 2 potions of curing {unknown}
 m - a potion of haste {@q3}
 p - 2 potions of degeneration {unknown}
Comestibles
 f - a bread ration {@e1}
 h - 2 chunks of flesh
 n - 2 meat rations {@e1}
 o - 4 fruits {@e2}

Dungeon Overview and Level Annotations

Branches:
Dungeon (2/15)

Altars:

Annotations:
D:2 Natasha

#..#.#..#.##.
##.[#..##.##.
#.#░#....##.
##.(#).###.#.
#..#.#..###.. #.##.##.#
##. .. #.......# #.
....g########..#.#### ##.
....55gh@!....###.## ##.#
#############......###.##
#######...## #####


You could see 2 iron imps, Natasha and 2 goblins.


Message History

You kill the frilled lizard!
Natasha claws you.
Natasha wildly gestures.
Natasha shimmers violently.
Natasha claws you!
You hit Natasha.
Natasha is moderately wounded.
You block Natasha's attack. Natasha claws you!
* * * LOW HITPOINT WARNING * * *
You closely miss Natasha.
Natasha is moderately wounded.
Natasha claws you.
* * * LOW HITPOINT WARNING * * *
Natasha casts a spell at you. You resist with significant effort.
Unknown command.
You hit Natasha.
Natasha is severely wounded.
Natasha claws you!
* * * LOW HITPOINT WARNING * * *
You closely miss Natasha.
Natasha is severely wounded.
Natasha closely misses you.
You riposte.
You closely miss Natasha.
Natasha is severely wounded.
Natasha claws you but does no damage.
Unknown command.
You barely miss Natasha.
Natasha is severely wounded.
You block Natasha's attack. Natasha claws you!
You die...

Skill      XL: |  1  2 |
---------------+-------+-----
Long Blades    | 3 |  3.7
Fighting       | 4 |  4.5
Armour         | |  3.6
Shields        | |  3.2

Action                   || total
-------------------------++-------
Melee: Long sword        ||    85
  Eat: Chunk             ||     1
Armor: Scale mail        ||    38
Dodge: Dodged            ||    26
Block: Shield            ||    46
       Rpst.: Long sword ||     9

Vault maps used:
D:1:      enne_arrival_octagon_isle
D:2:      cheibrodos_helix_gallery, overflow_temple_1_default,
          overflow_temple_1_default, minmay_tall_x, uniq_natasha

Notes
Turn   | Place    | Note
-------+----------+-------------------------------------------
     0 | D:1      | Jazqa the Barachi Fighter began the quest for the Orb.
     0 | D:1      | Reached XP level 1. HP: 18/18 MP: 1/1
   365 | D:1      | Reached XP level 2. HP: 25/25 MP: 2/2
   402 | D:1      | Reached skill level 3 in Long Blades
   525 | D:1      | Reached skill level 4 in Fighting
   715 | D:2      | Reached XP level 3. HP: 30/30 MP: 3/3
  1112 | D:2      | Noticed Natasha
  1124 | D:2      | Slain by Natasha

Vanquished Creatures
  2 adders (D:2)
  A worm (D:2)
  A leopard gecko (D:1)
  3 bats
  A giant cockroach (D:1)
  3 goblins (D:1)
  A hobgoblin (D:1)
  4 frilled lizards
  3 kobolds
  3 rats
22 creatures vanquished.
